 Dungeon Crawl Stone Soup version 0.26.1-11-gd32895ea62 (webtiles) character file.

Game seed: 1548710768029398742

15792 Gwenloh the Devastator (level 12, -5/58 (70) HPs)
             Began as a Deep Elf Conjurer on May 19, 2021.
             Was a Priest of Ashenzari.
             Killed from afar by Nergalle (33 damage)
             ... with a bolt of negative energy
             ... on level 11 of the Dungeon.
             The game lasted 01:07:32 (20228 turns).

Gwenloh the Devastator (Deep Elf Conjurer)         Turns: 20228, Time: 01:07:34

HP:   -5/58 (70)    AC: 11    Str:  4    XL:     12   Next: 4%
MP:   14/28         EV: 19    Int: 29    God:    Ashenzari [***...]
Gold: 1000          SH:  0    Dex: 13    Spells: 15/31 levels left

rFire    . . .     SeeInvis +   w - +0 whip (freeze)
rCold    . . .     Faith    .   (no shield)
rNeg     . . .     Spirit   .   g - +0 steam dragon scales (curse)
rPois    +         Reflect  .   B - +1 hat (curse)
rElec    .         Harm     .   q - +0 cloak (curse)
rCorr    .         Rampage  .   (no gloves)
Will     +....                  (no boots)
Stlth    ++........             (no amulet)
HPRegen  0.19/turn              J - ring of poison resistance
MPRegen  0.21/turn              L - +4 ring of protection

@: heavily drained
A: no striking features
a: Renounce Religion, Curse Item, Scrying


You were on level 11 of the Dungeon.
You worshipped Ashenzari.
Ashenzari was most pleased with you.
You visited 2 branches of the dungeon, and saw 12 of its levels.
You also visited: Ossuary.

You collected 1112 gold pieces.
You spent 112 gold pieces at shops.

Inventory:

Hand Weapons
 u - a +0 dagger
 w - a +0 whip of freezing (weapon)
Armour
 a - a +0 robe
 g - cursed +0 steam dragon scales (worn)
 q - a cursed +0 cloak (worn)
 B - a cursed +1 hat (worn)
 I - a +0 troll leather armour
Jewellery
 J - a ring of poison resistance (left hand)
 L - a +4 ring of protection (right hand)
 M - a +6 ring of strength
Wands
 r - a wand of flame (12)
 D - a wand of polymorph (17)
Scrolls
 d - 2 scrolls of fog
 i - 3 scrolls of amnesia
 k - 5 scrolls of teleportation
 m - 4 scrolls of enchant weapon
 o - 8 scrolls of remove curse
 s - a scroll of fear
 t - 2 scrolls of enchant armour
 y - 2 scrolls of blinking
 F - 2 scrolls of vulnerability
 G - a scroll of magic mapping
 H - 2 scrolls of identify
Potions
 b - 3 potions of lignification
 c - 2 potions of haste
 e - 8 potions of curing
 f - 4 potions of flight
 h - 2 potions of magic
 j - 2 potions of degeneration {unknown}
 l - a potion of ambrosia {unknown}
 n - 2 potions of attraction {unknown}
 p - 3 potions of heal wounds
 v - a potion of cancellation {unknown}
 x - 2 potions of resistance {unknown}
 z - a potion of berserk rage {unknown}
 A - a potion of brilliance {unknown}
 C - a potion of mutation {unknown}
 E - 2 potions of might
Miscellaneous
 K - a tin of tremorstones (2/2)


   Skills:
 + Level 6.1 Fighting
 + Level 9.5(11.3) Dodging
 - Level 2.4(4.0) Stealth
 + Level 10.2 Spellcasting
 + Level 15.5 Conjurations
 - Level 3.0 Translocations


You had 15 spell levels left.
You knew the following spells:

 Your Spells              Type           Power        Failure   Level
a - Magic Dart            Conj           100%         0%          1
b - Searing Ray           Conj           100%         0%          2
c - Dazzling Flash        Conj/Hex       100%         1%          3
d - Iskenderun's Mystic   Conj/Tloc      62%          1%          4
e - Fulminant Prism       Conj/Hex       28%          1%          4
f - Blink                 Tloc           N/A          1%          2

Your spell library contained the following spells:

 Spells                   Type           Power        Failure   Level
 Conjure Flame            Conj/Fire      56%          1%          3
 Mephitic Cloud           Conj/Pois/Air  44%          1%          3
 Stone Arrow              Conj/Erth      100%         1%          3
 Beastly Appendage        Tmut           28%          3%          1
 Sandblast                Erth           28%          3%          1
 Irradiate                Conj/Tmut      28%          4%          5
 Call Imp                 Summ           14%          5%          2
 Passwall                 Tmut/Erth      11%          5%          2
 Slow                     Hex            14%          5%          2
 Wereblood                Tmut           14%          5%          2
 Spider Form              Tmut/Pois      7%           11%         3
 Ice Form                 Ice/Tmut       14%          36%         4
 Petrify                  Tmut/Erth      14%          36%         4
 Blade Hands              Tmut           7%           71%         5
 Lee's Rapid Deconstruct  Erth           7%           71%         5
 Hydra Form               Tmut           7%           99%         6
 Statue Form              Tmut/Erth      9%           99%         6
 Dragon Form              Tmut           7%           100%        7


Dungeon Overview and Level Annotations

Branches:
Dungeon (11/15)            Temple (1/1) D:7            Lair (0/6) D:11
    Orc (0/2) D:10        Ossuary (visited)

Altars:
Ashenzari
Cheibriados
Dithmenos
Elyvilon
Fedhas
Gozag
Hepliaklqana
Kikubaaqudgha
Makhleb
Nemelex Xobeh
Okawaru
Qazlal
Ru
Sif Muna
Trog
Uskayaw
Vehumet
Wu Jian
Xom
Yredelemnul
Zin
The Shining One

Shops:
D:5 }   D:8 !

Annotations:
D:1 Sigmund
D:9 Harold
D:11 Maurice, Nergalle


Message History

The spectral orc warlord completely resists.
The bolt of negative energy misses you.
You feel much better.
The spectral orc warlord hits you but does no damage.
What are your orders? t - Shout!
Orders for allies: a - Attack new target. p - Attack previous target. r - Retreat! s - Stop attacking. g - Guard the area. f - Follow me.
Anything else - Cancel.
Okay, then.
Nergalle gestures at you while chanting.
Orcish apparitions take form around you.
You hit the spectral orc warrior but do no damage.
Nergalle points at you and mumbles some strange words.
The bolt of negative energy hits the spectral orc warlord.
The spectral orc warlord completely resists.
The bolt of negative energy hits you!!
You feel drained.
Ouch! That really hurt!
You die...

#.# #)# ####)# # #....#
# #.#### # #.# #
##.###########
#####..#......ZZZ#
......†..#######@#
†.....)..# #Z#
.........# #.#
........## #.######
.........# #.o.o..#
.........############.#
.............># #.#
.###.########## #o#
...#......... * **#.#


You could see Nergalle, 2 spectral orc warriors, a spectral orc knight
(summoned) and a spectral orc warlord (summoned).

Vanquished Creatures
  6 two-headed ogres
  Erica (D:11)
  Pikel (D:3)
  An ugly thing (D:9)
  2 manticores (D:10)
  A cyclops (D:11)
  A gargoyle (D:10)
  Maggie (D:7)
  2 trolls (D:10)
  A merfolk (D:10)
  A wraith (D:10)
  2 wyverns (D:10)
  A hog (D:10)
  4 yaks (D:6)
  A soldier ant (D:10)
  2 water moccasins
  13 black bears
  3 orc warriors
  3 sky beasts
  2 ice beasts
  5 ogres
  A phantom (D:10)
  6 centaurs
  2 lemures (D:4)
  5 big kobolds (D:10)
  12 bullfrogs
  A water moccasin zombie (D:9)
  A gnoll sergeant (D:10)
  A wyvern zombie (D:11)
  A water moccasin skeleton (D:7)
  2 scorpions
  4 killer bees
  7 electric eels (D:10)
  2 howler monkeys (D:10)
  A crimson imp (D:3)
  A bullfrog zombie (D:4)
  3 jellies
  8 orc priests
  3 hounds
  3 bullfrog skeletons
  2 gnoll shamans (D:10)
  4 iguanas
  13 orc wizards
  9 worker ants
  A hound zombie (D:6)
  8 mummies (Ossuary)
  20 adders
  3 gnolls (D:8)
  A river rat (D:11)
  3 shadow imps
  3 white imps
  An ufetubus (D:8)
  An adder zombie (D:5)
  3 adder skeletons
  5 worms
  A dart slug (D:2)
  6 leopard geckos
  37 orcs
  4 ball pythons
  3 giant cockroaches
  A gnoll zombie (Ossuary)
  3 goblins
  7 hobgoblins
  8 jackals
  4 kobolds
  6 quokkas
  7 bats
  8 frilled lizards
  2 hobgoblin zombies (Ossuary)
  4 kobold zombies (Ossuary)
  An orc zombie (Ossuary)
  A quokka skeleton (D:10)
  5 rats
  A spectral orc (D:2)
304 creatures vanquished.

Vanquished Creatures (others)
  5 dream sheep (D:3)
  7 fulminant prisms
  72 plants (D:10)
84 creatures vanquished.

Grand Total: 388 creatures vanquished

Notes
Turn   | Place    | Note
-------+----------+-------------------------------------------
     0 | D:1      | Gwenloh the Deep Elf Conjurer began the quest for the Orb.
     0 | D:1      | Reached XP level 1. HP: 10/10 MP: 6/6
   446 | D:2      | Reached XP level 2. HP: 9/15 MP: 0/8
   559 | D:1      | Reached skill level 5 in Conjurations
  1091 | D:1      | Learned a level 2 spell: Searing Ray
  1330 | D:2      | Reached XP level 3. HP: 19/19 MP: 4/9
  1437 | D:2      | Reached skill level 6 in Conjurations
  1665 | D:2      | Noticed Sigmund
  1899 | D:1      | Reached XP level 4. HP: 15/24 MP: 4/10
  2283 | D:2      | Found a basalt altar of Yredelemnul.
  2708 | D:2      | Learned a level 3 spell: Dazzling Flash
  2874 | D:3      | Reached skill level 7 in Conjurations
  2874 | D:3      | Reached XP level 5. HP: 28/28 MP: 5/11
  3145 | D:3      | Found a shadowy altar of Dithmenos.
  3247 | D:3      | Found a burning altar of Makhleb.
  3509 | D:3      | Learned a level 4 spell: Iskenderun's Mystic Blast
  3591 | D:3      | Reached skill level 8 in Conjurations
  3591 | D:3      | Reached XP level 6. HP: 32/32 MP: 7/12
  3950 | D:3      | Noticed a dream sheep
  3950 | D:3      | Noticed a dream sheep
  3950 | D:3      | Noticed a dream sheep
  3950 | D:3      | Noticed a dream sheep
  3950 | D:3      | Noticed a dream sheep
  3950 | D:3      | Found a shimmering altar of Xom.
  3955 | D:3      | Killed a dream sheep
  3955 | D:3      | Killed a dream sheep
  3956 | D:3      | Killed a dream sheep
  3957 | D:3      | Killed a dream sheep
  3958 | D:3      | Killed a dream sheep
  4247 | D:4      | Found an opulent altar of Gozag.
  4359 | D:4      | Noticed Pikel
  4433 | D:3      | Killed Pikel
  4434 | D:3      | Reached skill level 10 in Conjurations
  4434 | D:3      | Reached XP level 7. HP: 8/36 MP: 0/13
  5633 | D:4      | Reached skill level 11 in Conjurations
  5633 | D:4      | Reached XP level 8. HP: 39/41 MP: 7/14
  5838 | D:4      | Found a bloodstained altar of Trog.
  5838 | D:4      | Found a stormy altar of Qazlal.
  5888 | D:5      | Entered Level 5 of the Dungeon
  5921 | D:5      | Found a sand-covered staircase.
  5926 | D:5      | Found a hide-covered altar of Uskayaw.
  5928 | D:5      | Found an ornate altar of the Wu Jian Council.
  5941 | D:5      | Found a radiant altar of Vehumet.
  5951 | Ossuary  | Entered an ossuary
  7465 | D:5      | Found Sinuq's Gadget Boutique.
  7539 | D:5      | Reached skill level 12 in Conjurations
  8421 | D:5      | Found a broken altar of Ashenzari.
  8475 | D:5      | Became a worshipper of Ashenzari the Shackled
  9393 | D:6      | Reached skill level 13 in Conjurations
  9393 | D:6      | Reached XP level 9. HP: 45/45 MP: 9/15
  9398 | D:6      | Learned a level 4 spell: Fulminant Prism
 10046 | D:7      | Noticed Maggie
 10054 | D:7      | Killed Maggie
 10055 | D:7      | Reached skill level 1 in Fighting
 10476 | D:7      | Identified the +1 leather armour of Hedonism {rElec rPois
                  | Str-5}
 10638 | D:7      | Reached skill level 14 in Conjurations
 11095 | D:7      | Learned a level 2 spell: Blink
 11355 | D:7      | Reached skill level 5 in Spellcasting
 11355 | D:7      | Reached skill level 1 in Translocations
 11512 | D:7      | Reached * piety under Ashenzari
 11542 | D:7      | Found a staircase to the Ecumenical Temple.
 11549 | Temple   | Entered the Ecumenical Temple
 11925 | D:8      | Found Fiwiotiuwn's Distillery.
 11929 | D:8      | Bought a potion of magic for 112 gold pieces
 13265 | D:9      | Reached XP level 10. HP: 47/54 MP: 13/19
 13588 | D:9      | Reached ** piety under Ashenzari
 13714 | D:9      | Noticed a two-headed ogre
 13724 | D:9      | Killed a two-headed ogre
 13725 | D:9      | Reached skill level 5 in Dodging
 14235 | D:10     | Entered Level 10 of the Dungeon
 14426 | D:10     | Noticed a two-headed ogre
 14467 | D:9      | Killed a two-headed ogre
 14682 | D:10     | Noticed Harold
 14947 | D:10     | Noticed a green ugly thing
 15078 | D:9      | Killed a green ugly thing
 15797 | D:10     | Noticed a manticore
 15803 | D:10     | Killed a manticore
 16024 | D:10     | Noticed a gargoyle
 16135 | D:10     | Killed a gargoyle
 16136 | D:10     | Reached XP level 11. HP: 44/62 MP: 8/24
 17291 | D:10     | Noticed a two-headed ogre
 17354 | D:10     | Noticed a two-headed ogre
 17356 | D:10     | Killed a two-headed ogre
 17357 | D:10     | Reached skill level 5 in Fighting
 17357 | D:10     | Reached skill level 15 in Conjurations
 17361 | D:10     | Killed a two-headed ogre
 17823 | D:10     | Found a staircase to the Orcish Mines.
 17913 | D:10     | Noticed a two-headed ogre
 17931 | D:10     | Killed a two-headed ogre
 18512 | D:10     | Found a hide-covered altar of Uskayaw.
 19333 | D:11     | Noticed a two-headed ogre
 19356 | D:11     | Killed a two-headed ogre
 19357 | D:11     | Reached skill level 10 in Spellcasting
 19462 | D:11     | Noticed Erica
 19640 | D:11     | Found a staircase to the Lair.
 19640 | D:11     | Noticed a death yak
 19640 | D:11     | Noticed a death yak
 19640 | D:11     | Noticed a death yak
 19640 | D:11     | Noticed Maurice
 19845 | D:11     | Killed Erica
 19846 | D:11     | Reached XP level 12. HP: 70/70 MP: 15/28
 20088 | D:11     | Reached *** piety under Ashenzari
 20199 | D:11     | Noticed Nergalle
 20228 | D:11     | Killed from afar by Nergalle

Illustrated notes

Levels and vault maps discovered:
D:1:      noname_arrival_rooms_in_the_neighbourhood, layout_basic,
          minmay_pentomino_u2
D:2:      layout_rooms, yredelemnul_forgotten_temple_becter, uniq_sigmund
D:3:      kennysheep_big_flooded_room, layout_basic, grunt_dithmenos_smoke,
          kb_xom_exploding_sheep, makhleb_grotto_becter
D:4:      black_bear_nest_1, layout_cave_pods, lemuel_doored_altar,
          gammafunk_temple_overflow_elements, uniq_pikel
D:5:      layout_basic, gammafunk_temple_overflow_forgotten, marbit_many_paths,
          nicolae_ossuary_entry_ruins, serial_shops, nicolae_shop_statue_plus
D:6:      layout_loops_corners, grunt_ministairs_14
D:7:      layout_loops_ring, minmay_temple_entry_proselytizer, uniq_maggie
D:8:      layout_basic, serial_shops, shop_fountains
D:9:      layout_stronghold
D:10:     kennysheep_town, uniq_harold
D:11:     layout_basic, dpeg_lair_monsters, serial_shops, shop, shop,
          gammafunk_ghost_berserking_beasts, uniq_maurice, uniq_erica,
          uniq_nergalle
Temple:   minmay_temple_curvy_loop

Skill      XL: |  1  2  3  4  5  6  7  8  9 10 11 |
---------------+----------------------------------+-----
Conjurations   | 5 6 7 8 10 11 13 14 15 | 15.5
Fighting       | 2 4 6 |  6.1
Dodging        | 4 7 9 |  9.5
Spellcasting   | 5 7 10 | 10.2
Translocations | 1 3 |  3.0
Stealth        | |  2.4

Action                   |  1- 3 |  4- 6 |  7- 9 | 10-12 || total
-------------------------+-------+-------+-------+-------++-------
Melee: Dagger            |       |     2 |       |       ||     2
       Whip              |       |       |     8 |     6 ||    14
 Cast: Magic Dart        |    63 |   108 |   259 |   220 ||   650
       Searing Ray       |     6 |    17 |    56 |    90 ||   169
       Dazzling Flash    |       |     1 |     4 |     5 ||    10
       Iskenderun's Myst |       |       |     3 |    17 ||    20
       Fulminant Prism   |       |       |     5 |     2 ||     7
       Blink             |       |       |       |     6 ||     6
Invok: Curse Item        |       |       |     4 |       ||     4
       Scrying           |       |       |     1 |       ||     1
  Use: Scroll            |       |       |    16 |     4 ||    20
       Potion            |       |       |       |     2 ||     2
Armor: Robe              |     3 |     4 |     7 |       ||    14
       Steam dragon scal |       |       |     1 |    21 ||    22
Dodge: Dodged            |    30 |    22 |    50 |   113 ||   215
